 Dungeon Crawl Stone Soup version 0.28-a0-381-g937acc2988 (webtiles) character file.

Game seed: 8733015420995390971

161 SolCadguy the Charlatan (level 5, -5/40 HPs)
             Began as a Draconian Artificer on Sept 1, 2021.
             Blown up by Ijyb (25 damage)
             ... with a mindburst bolt
             ... on level 3 of the Dungeon.
             The game lasted 00:07:53 (3281 turns).

SolCadguy the Charlatan (Draconian Artificer)       Turns: 3281, Time: 00:07:54

Health: -5/40      AC: 13    Str: 14    XL:     5   Next: 18%
Magic:  5/5        EV: 12    Int: 12    God:
Gold:   123        SH:  5    Dex: 12    Spells: 4/4 levels left

rFire   . . .      SeeInvis .   h - +3 dagger (protect)
rCold   . . .      Faith    .   (no shield)
rNeg    . . .      Spirit   .   (armour unavailable)
rPois   .          Reflect  +   (helmet restricted)
rElec   .          Harm     .   (no cloak)
rCorr   .          Rampage  .   (no gloves)
Will    .....                   r - +0 pair of boots
Stlth   +.........              q - amulet of reflection
HPRegen 0.13/turn               (no ring)
MPRegen 0.09/turn               (no ring)

@: under a protective aura
A: AC +5, unfitting armour, cold-blooded
a: no special abilities


You were on level 3 of the Dungeon.
You visited 1 branch of the dungeon, and saw 3 of its levels.

You collected 123 gold pieces.

Inventory:

Hand Weapons
 a - a +0 club
 f - a +2 dagger of draining
 g - a +0 trident
 h - a +3 dagger of protection (weapon)
 t - a +2 vorpal spear
Missiles
 e - 39 stones
 m - 43 sling bullets
 p - 12 poisoned darts (quivered)
 s - 2 throwing nets
Armour
 r - a +0 pair of boots (worn)
Jewellery
 q - an amulet of reflection (around neck)
Wands
 b - a wand of flame (7)
 c - a wand of charming (12)
Scrolls
 i - 2 scrolls of teleportation
 j - 2 scrolls of magic mapping {unknown}
 k - 4 scrolls of identify {unknown}
 u - a scroll of silence {unknown}
 v - a scroll of enchant armour {unknown}
Potions
 l - 2 potions of heal wounds {unknown}
 n - a potion of flight {unknown}
 o - 2 potions of haste {unknown}
 w - a potion of berserk rage {unknown}
Miscellaneous
 d - a piece from Xom's chessboard (14/15)


   Skills:
 - Level 1.1 Fighting
 + Level 1.7 Short Blades
 - Level 2.1 Dodging
 - Level 0.8 Stealth
 + Level 5.5 Evocations


You had 4 spell levels left.
You didn't know any spells.
Your spell library contained the following spells:

 Spells                   Type           Power      Damage    Failure   Level
 Gell's Gravitas          Tloc           0%         N/A       69%         3
 Lesser Beckoning         Tloc           0%         N/A       69%         3
 Teleport Other           Tloc           0%         N/A       69%         3


Dungeon Overview and Level Annotations

Branches:
Dungeon (3/15)

Altars:

Annotations:
D:3 Ijyb


Innate Abilities, Weirdness & Mutations

Your plain brown scales are hard. (AC +5)
You cannot fit into any form of body armour.
You are cold-blooded and may be slowed by cold attacks.


Message History

You barely miss Ijyb. You tail-slap Ijyb, but do no damage.
Ijyb hits you but does no damage.
You hit Ijyb.
Ijyb is lightly wounded.
Ijyb zaps a wand.
Your mind is blasted!
Ouch! That really hurt!
* * * LOW HITPOINT WARNING * * *
Aiming: Charm
Press: ? - help, Shift-Dir - straight line, f - Ijyb
Aim: Ijyb, wielding a +0 dagger, wearing a +0 leather armour and carrying a wand of mindburst (16) (lightly wounded, chance to affect: 71%) Ijyb is charmed.
Ijyb is no longer charmed.
Ijyb is nearby!
Aiming: Charm
Press: ? - help, Shift-Dir - straight line, f/p - Ijyb
Aim: Ijyb, wielding a +0 dagger, wearing a +0 leather armour and carrying a wand of mindburst (16) (lightly wounded, chance to affect: 71%) Ijyb is charmed.
You can't see anything.
Try to make a move anyway?
Okay, then.
You see here 4 large rocks.
Okay, then.
As you read the scroll labelled JEEGOSHRYGH, it crumbles to dust.
You feel strangely unstable.
It was a scroll of teleportation.
Your surroundings suddenly seem different.
You start resting.
Ijyb is nearby!
You make a move on Xom's chessboard...
Ijyb is outlined in light.
You hit Ijyb but do no damage.
Your weapon exudes an aura of protection.
Ijyb is lightly wounded.
Ijyb screams, "Me stronger than you!" Ijyb barely misses you.
You hit Ijyb.
Your tail-slap misses Ijyb.
Ijyb is moderately wounded.
Ijyb hits you but does no damage.
You hit Ijyb.
Your tail-slap misses Ijyb.
Ijyb is heavily wounded.
Ijyb zaps a wand.
Your mind is blasted!
Ouch! That really hurt!
You die...

##...##
#.#
##...##
#.#
##...##
#.#
#...##
#.###...#
#.##...##
#.##...#
#.#...##
#@#...#
#g#...#
#....##
######


You could see Ijyb (corona).

Vanquished Creatures
  A jelly (D:3)
  Jessica (D:3)
  A hound zombie (D:2)
  2 adders
  An adder skeleton (D:2)
  2 worms
  A dart slug (D:2)
  5 ball pythons
  5 bats
  10 endoplasms
  6 goblins
  10 hobgoblins
  2 jackals (D:1)
  4 kobolds
  2 quokkas (D:2)
  A frilled lizard (D:2)
  A quokka zombie (D:2)
  5 rats
60 creatures vanquished.

Notes
Turn   | Place    | Note
-------+----------+-------------------------------------------
     0 | D:1      | SolCadguy the Draconian Artificer began the quest for the
                  | Orb.
     0 | D:1      | Reached XP level 1. HP: 16/16 MP: 1/1
   158 | D:1      | Found a faded altar of an unknown god.
   168 | D:1      | Reached XP level 2. HP: 23/23 MP: 2/2
   667 | D:1      | Reached skill level 4 in Evocations
   950 | D:2      | Reached XP level 3. HP: 28/28 MP: 3/3
  1836 | D:2      | Reached skill level 5 in Evocations
  1836 | D:2      | Reached XP level 4. HP: 33/35 MP: 4/4
  2117 | D:3      | Reached skill level 1 in Short Blades
  2764 | D:3      | Noticed Jessica
  2778 | D:3      | Killed Jessica
  2779 | D:3      | Reached XP level 5. HP: 23/40 MP: 5/5
  2909 | D:3      | Noticed Ijyb
  3281 | D:3      | Blown up by Ijyb

Illustrated notes

Levels and vault maps discovered:
D:1:      minmay_arrival_glassed_features, layout_loops_ring,
          hellmonk_ecumenical_altar_inner_sanctum, serial_bayou,
          serial_bayou_shore_b, serial_bayou_lagoon_b, serial_bayou_ford_a,
          serial_bayou_crossing
D:2:      layout_basic, serial_undead, serial_undead_b, serial_undead_b,
          serial_undead_e, serial_undead_d, minmay_split_cup_small
D:3:      layout_rooms, serial_curves, eino_curves_01, eino_curves_03,
          eino_curves_04, eino_curves_03, minmay_misc_feat_secret_circle,
          grunt_ministairs_11, uniq_ijyb, uniq_jessica

Skill      XL: |  1  2  3  4 |
---------------+-------------+-----
Evocations     | 4 5 |  5.5
Short Blades   | 1 |  1.7
Fighting       | |  1.1
Dodging        | |  2.1
Stealth        | |  0.8

Action                   |  1- 3 |  4- 6 || total
-------------------------+-------+-------++-------
Melee: Dagger            |   108 |    76 ||   184
       Tailslap          |    16 |     8 ||    24
Throw: Dart              |     7 |       ||     7
Evoke: Wand              |     3 |     8 ||    11
       Piece from Xom's  |       |     1 ||     1
  Use: Scroll            |       |     1 ||     1
 Stab: Sleeping          |     2 |     1 ||     3
Armor: Skin              |    34 |    26 ||    60
Dodge: Dodged            |    63 |    28 ||    91
Block: Other             |     2 |    14 ||    16

Table legend: (Time is in decaauts)
 A = Elapsed time spent in this place.
 B = Non-inter-level travel time spent in this place.
 C = Inter-level travel time spent in this place.
 D = Time resting spent in this place.
 E = Time spent auto-exploring this place.
 F = Levels seen in this place.
 G = Mean time per level.
                   A        B        C        D        E       F      G
               +--------+--------+--------+--------+--------+-----+--------+
         Total |   3320 |   3250 |     70 |    696 |   1893 |   3 | 1106.7 |
       Dungeon |   3320 |   3250 |     70 |    696 |   1893 |   3 | 1106.7 |
               +--------+--------+--------+--------+--------+-----+--------+

Top non-repeatable levels by time:
     D:2: 1586 daAuts
     D:1: 962 daAuts
     D:3: 771 daAuts
